 Dungeon Crawl Stone Soup version 0.24-a0-530-g18ba70b503 (webtiles) character file.

Game seed: 6636878188549548093

295 TribbleFun the Chopper (level 6, 0/56 HPs)
             Began as a Hill Orc Fighter on Aug 8, 2019.
             Slain by an ogre
             ... wielding a +0 giant club
              (18 damage)
             ... on level 3 of the Dungeon.
             The game lasted 00:08:39 (2349 turns).

TribbleFun the Chopper (Hill Orc Fighter)           Turns: 2349, Time: 00:08:47

Health: 0/56       AC:  8    Str: 21    XL:     6   Next: 34%
Magic:  6/6        EV:  8    Int:  8    God:
Gold:   116        SH:  9    Dex: 10    Spells: 5/5 levels left

rFire    . . .     SeeInvis .   a - +1 war axe
rCold    + . .     Gourm    .   c - +0 shield
rNeg     . . .     Faith    .   b - +0 scale mail
rPois    .         Spirit   .   (no helmet)
rElec    .         Reflect  .   (no cloak)
rCorr    .         Harm     .   (no gloves)
MR       .....                  (no boots)
Stlth    ..........             (no amulet)
HPRegen  0.18/turn              k - ring of protection from cold
MPRegen  0.10/turn              (no ring)

@: lethally poisoned (0 -> -1)
A: thin metallic scales 1, evolution 1
a: no special abilities


You were on level 3 of the Dungeon.
You were not hungry.

You visited 1 branch of the dungeon, and saw 3 of its levels.

You collected 116 gold pieces.

Inventory:

Hand Weapons
 a - a +1 war axe (weapon)
Missiles
 h - 15 poisoned darts (quivered)
Armour
 b - a +0 scale mail (worn)
 c - a +0 shield (worn)
Jewellery
 k - a ring of protection from cold (left hand)
Scrolls
 e - a scroll of teleportation
 g - 2 scrolls of remove curse
 l - a scroll of enchant weapon
 m - a scroll of fear {unknown}
 n - a scroll of identify
Potions
 d - a potion of might
 i - a potion of curing {unknown}
 j - 2 potions of brilliance
Comestibles
 f - 6 rations


   Skills:
 * Level 5.0 Fighting
 * Level 6.4 Axes
 + Level 3.6 Armour
 + Level 1.0 Dodging
 + Level 4.1 Shields


You had 5 spell levels left.
You didn't know any spells.
Your spell library was empty.

Dungeon Overview and Level Annotations

Branches:
Dungeon (3/15)

Altars:
Makhleb

Annotations:
D:3 Ijyb


Innate Abilities, Weirdness & Mutations

You are partially covered in thin metallic scales. (AC +2)
You evolve.


Message History

The adder barely misses you.
You completely miss Ijyb.
Ijyb is heavily wounded.
You barely miss the adder. You hit the ogre. You closely miss the adder.
You feel sick.
The adder bites you but does no damage. x2
You block the ogre's attack. Ijyb hits you with a +0 club.
The adder bites you but does no damage. x2
You hit Ijyb but do no damage.
Ijyb is heavily wounded.
You miss the adder. You hit the ogre. You closely miss the adder.
The adder completely misses you. Ijyb barely misses you.
The ogre hits you with a +0 giant club! The adder bites you but does no damage.
The adder barely misses you.
You slash Ijyb!
Ijyb is almost dead.
You miss the adder. You slash the ogre! You hit the adder.
You feel sick. The adder bites you but does no damage.
Ijyb hits you but does no damage. The adder bites you but does no damage.
The ogre hits you with a +0 giant club!!
You die...

(.(%....#
.........
#.......#
........# #
#......o# ..
.......<# .#
.g......# .#
####.##)####..#
.g #gS@g..# ##
#KOS####
#....Jwbg#
#.#.###..# ..
.... .. ......
.....#..
......##.#
.......# ..


You could see an ogre, Ijyb, an ooze, 2 adders, a dart slug, a hobgoblin, a
goblin, a bat and a kobold.

Vanquished Creatures
  An ogre (D:2)
  An orc priest (D:3)
  Crazy Yiuf (D:2)
  Jessica (D:2)
  Robin (D:3)
  3 adders (D:2)
  2 oozes (D:1)
  2 worms (D:2)
  3 dart slugs
  2 leopard geckos
  2 orcs (D:3)
  8 bats
  A giant cockroach (D:2)
  17 goblins
  4 hobgoblins
  5 jackals
  2 quokkas
  6 frilled lizards
  3 kobolds
  7 rats
72 creatures vanquished.

Vanquished Creatures (others)
  A kobold (D:1)
1 creature vanquished.

Grand Total: 73 creatures vanquished

Notes
Turn   | Place    | Note
-------+----------+-------------------------------------------
     0 | D:1      | TribbleFun the Hill Orc Fighter began the quest for the
                  | Orb.
     0 | D:1      | Reached XP level 1. HP: 19/19 MP: 1/1
    51 | D:1      | Reached XP level 2. HP: 23/27 MP: 2/2
    59 | D:1      | Gained mutation: You are partially covered in thin metallic
                  | scales. (AC +2) [potion of mutation]
    59 | D:1      | Gained mutation: You possess an exceptional clarity of
                  | mind. [potion of mutation]
    59 | D:1      | Gained mutation: You evolve. [potion of mutation]
   143 | D:1      | Reached skill level 3 in Axes
   371 | D:1      | Reached XP level 3. HP: 24/33 MP: 3/3
   516 | D:1      | Lost mutation: You possess an exceptional clarity of mind.
                  | [evolution]
   785 | D:2      | Reached skill level 4 in Axes
   785 | D:2      | Reached XP level 4. HP: 38/41 MP: 4/4
  1452 | D:2      | Found a burning altar of Makhleb.
  1452 | D:2      | Noticed Jessica
  1456 | D:2      | Killed Jessica
  1460 | D:2      | Noticed an ogre
  1470 | D:2      | Killed an ogre
  1470 | D:2      | Reached skill level 5 in Axes
  1470 | D:2      | Reached XP level 5. HP: 5/47 MP: 5/5
  2070 | D:2      | Found a runed translucent door.
  2071 | D:2      | Noticed Crazy Yiuf
  2082 | D:2      | Killed Crazy Yiuf
  2082 | D:2      | Reached skill level 6 in Axes
  2082 | D:2      | Reached skill level 1 in Dodging
  2082 | D:2      | Reached XP level 6. HP: 29/55 MP: 6/6
  2327 | D:3      | Noticed Robin
  2335 | D:3      | Noticed Ijyb
  2337 | D:3      | Killed Robin
  2340 | D:3      | Reached skill level 5 in Fighting
  2349 | D:3      | Slain by an ogre

Levels and vault maps discovered:
D:1:      ebering_trefoil_twist, layout_rooms
D:2:      minmay_thinvault, layout_basic, bloody_makhleb, uniq_jessica,
          uniq_crazy_yiuf_cottage
D:3:      layout_rooms, first_ration, kennysheep_pointless_box, uniq_ijyb,
          uniq_sigmund, uniq_robin

Skill      XL: |  1  2  3  4  5  6 |
---------------+-------------------+-----
Axes           | 3 4 5 6 |  6.4
Fighting       | 4 5 |  5.0
Dodging        | 1 |  1.0
Shields        | 4 |  4.1
Armour         | |  3.6

Action                   |  1- 3 |  4- 6 || total
-------------------------+-------+-------++-------
Melee: War axe           |   134 |    81 ||   215
  Use: Scroll            |     6 |       ||     6
       Potion            |     2 |       ||     2
  Eat: Chunk             |       |     2 ||     2
       Ration            |       |     1 ||     1
Armor: Scale mail        |    81 |    46 ||   127
Dodge: Dodged            |    67 |    32 ||    99
Block: Shield            |    75 |    50 ||   125

Table legend:
 A = Non-vault XP
 B = Vault XP
 C = Vault XP percentage of total XP
 D = Non-vault monster count
 E = Vault monster count
 F = Vault count percentage of total count
                 A         B        C        D         E       F
            +---------+---------+-------+---------+---------+-------
      Total |     266 |     156 |  37.0 |      42 |      30 |  41.7
            +---------+---------+-------+---------+---------+-------
        D:1 |      41 |       0 |   0.0 |      16 |       0 |   0.0
        D:2 |     172 |     125 |  42.1 |      20 |      21 |  51.2
        D:3 |      53 |      31 |  36.9 |       6 |       9 |  60.0
            +---------+---------+-------+---------+---------+-------
